 Dungeon Crawl Stone Soup version 0.26-a0-646-g5d7718319a (webtiles) character file.

Game seed: 16994491109112845820

336 DogServant the Ducker (level 6, -1/50 HPs)
             Began as a Merfolk Abyssal Knight on Sept 24, 2020.
             Was a Believer of Lugonu.
             Slain by a gnoll
             ... wielding a +0 flail
              (8 damage)
             ... on level 4 of the Dungeon.
             The game lasted 00:07:08 (5076 turns).

DogServant the Ducker (Merfolk Abyssal Knight)      Turns: 5076, Time: 00:07:08

Health: -1/50      AC:  4    Str: 12    XL:     6   Next: 54%
Magic:  8/8        EV: 14    Int: 12    God:    Lugonu [**....]
Gold:   268        SH:  0    Dex: 15    Spells: 5/5 levels left

rFire    . . .     SeeInvis .   a - +1 falchion
rCold    . . .     Faith    .   (no shield)
rNeg     . . .     Spirit   .   b - +0 leather armour
rPois    .         Reflect  .   (no helmet)
rElec    .         Harm     .   g - scarf {repulsion}
rCorr    .         Rampage  .   l - +0 pair of gloves
MR       .....                  (no boots)
Stlth    +.........             (no amulet)
HPRegen  0.16/turn              (no ring)
MPRegen  0.11/turn              (no ring)

@: repel missiles
A: change form in water, swift swim, stealthy swim
a: Depart the Abyss, Bend Space, Renounce Religion


You were on level 4 of the Dungeon.
You worshipped Lugonu.
Lugonu was pleased with you.
You visited 1 branch of the dungeon, and saw 5 of its levels.
You visited the Abyss 1 time.

You collected 268 gold pieces.

Inventory:

Hand Weapons
 a - a +1 falchion (weapon)
Armour
 b - a +0 leather armour (worn)
 g - a scarf of repulsion (worn)
 l - a +0 pair of gloves (worn)
Jewellery
 s - an uncursed ring of wizardry {unknown}
Wands
 o - a wand of polymorph (5)
Scrolls
 c - 4 scrolls of remove curse
 d - 2 scrolls of fear {unknown}
 e - 3 scrolls of immolation {unknown}
 h - 3 scrolls of teleportation {unknown}
 j - 4 scrolls of enchant armour {unknown}
 m - 2 scrolls of noise {unknown}
 n - a scroll of enchant weapon {unknown}
 p - a scroll of blinking {unknown}
 q - a scroll of identify {unknown}
 t - a scroll of magic mapping {unknown}
Potions
 f - a potion of mutation {unknown}
 i - 4 potions of brilliance {unknown}
 k - 2 potions of curing {unknown}
 r - 3 potions of heal wounds {unknown}


   Skills:
 + Level 4.8 Fighting
 + Level 4.1 Long Blades
 - Level 0.6 Armour
 + Level 4.9 Dodging
 + Level 3.9 Invocations


You had 5 spell levels left.
You didn't know any spells.
Your spell library contained the following spells:

 Spells                   Type           Power        Failure   Level
 Magic Dart               Conj           #...         38%         1
 Blink                    Tloc           N/A          54%         2
 Call Imp                 Summ           #.......     54%         2
 Slow                     Hex            #.......     54%         2
 Conjure Flame            Conj/Fire      #.......     77%         3
 Mephitic Cloud           Conj/Pois/Air  #.......     77%         3


Dungeon Overview and Level Annotations

Branches:
Dungeon (5/15)
 Temple: D:4-7

Altars:


Message History

You hit the gnoll.
You kill the gnoll!
Lugonu accepts your kill. The gnoll hits you with a +0 flail!
* * * LOW HITPOINT WARNING * * *
The gnoll hits you but does no damage. The gnoll completely misses you.
There is an open door, spattered with blood here.
You see here a +0 whip.
You see here a +0 whip.
You are too injured to fight recklessly!
Okay, then.
You hit the gnoll.
The gnoll is lightly wounded.
You barely miss the gnoll.
The gnoll is lightly wounded.
You hit the gnoll.
The gnoll is heavily wounded.
The gnoll hits you with a +0 flail!
You die...

..+......#.....# #.....
..#......'.....#....# #.....
..#...(..#.....#....# #.....
..#......#.....#....# #....#
..#......#.....#....# #....#
..####...#.....#....# ...#.....
###.##...#.....#....# .......†.
.<.......#.....#....+.+########'.
.........#.....g@.....#........#.
.........+.....#g.....#.+####'.#.
######..##.....#####..# #....#.#.
#..####'#.....# .# #.##.#.#. ...#
...#.....#..# #.##.#.#.
...#....#.....#..# #....#.#.
..#....#.....#..#.+####'.#.
##...#.....##.#........#.
#..>#........+########'.


You could see 2 gnolls.

Vanquished Creatures
  A hound (D:5)
  An orc wizard (D:4)
  An iguana (D:4)
  A worker ant (D:4)
  5 gnolls
  A river rat (D:3)
  6 adders
  A white imp (D:4)
  An ufetubus (D:3)
  An ooze (D:3)
  4 worms
  A dart slug (D:2)
  A leopard gecko (D:3)
  4 orcs
  2 ball pythons (D:1)
  7 bats
  3 giant cockroaches
  10 hobgoblins
  7 jackals
  8 kobolds
  2 quokkas
  7 frilled lizards
  8 goblins
  8 rats
91 creatures vanquished.

Notes
Turn   | Place    | Note
-------+----------+-------------------------------------------
     0 | Abyss:1  | DogServant the Merfolk Abyssal Knight began the quest for
                  | the Orb.
     0 | Abyss:1  | Reached XP level 1. HP: 18/18 MP: 2/2
     5 | D:1      | Escaped the Abyss
    68 | D:1      | Reached XP level 2. HP: 19/24 MP: 3/3
   210 | D:1      | Reached * piety under Lugonu
   482 | D:1      | Reached XP level 3. HP: 17/29 MP: 4/4
  1693 | D:3      | Reached XP level 4. HP: 20/37 MP: 6/6
  1798 | D:2      | Reached ** piety under Lugonu
  2886 | D:3      | Reached XP level 5. HP: 37/42 MP: 7/7
  4256 | D:4      | You fall into a shaft and drop 1 floor!
  4256 | D:5      | Entered Level 5 of the Dungeon
  4362 | D:5      | Reached XP level 6. HP: 40/49 MP: 8/8
  5076 | D:4      | Slain by a gnoll

Illustrated notes

Levels and vault maps discovered:
D:1:      dpeg_arrival_houses_and_road, layout_loops_ring,
          chequers_serial_rivers_marsh
D:2:      layout_basic
D:3:      layout_loops_cross, portal_sewer_entry_a, wad_floor_pattern_untrapped,
          nicolae_underground_beach
D:4:      layout_gridville, minivault_11, hangedman_decor_peaks_small,
          uniq_sigmund
D:5:      layout_loops_ring, lemuel_coloured_pillars_altar,
          lightli_temple_of_fire, fedhas_altar_4

Skill      XL: |  1  2  3  4  5  6 |
---------------+-------------------+-----
Dodging        | 3 4 |  4.9
Long Blades    | 3 4 |  4.1
Fighting       | 4 |  4.8
Invocations    | 3 |  3.9
Armour         | |  0.6

Action                   |  1- 3 |  4- 6 || total
-------------------------+-------+-------++-------
Melee: Falchion          |   119 |   204 ||   323
       Tailslap          |       |     1 ||     1
Invok: Depart the Abyss  |     1 |       ||     1
       Bend Space        |       |     4 ||     4
  Use: Scroll            |     1 |       ||     1
 Stab: Sleeping          |     1 |     2 ||     3
Armor: Leather armour    |    32 |    38 ||    70
Dodge: Dodged            |    83 |   159 ||   242
       Repelled          |     2 |     1 ||     3
       Rpst.: Falchion   |    29 |    56 ||    85

Table legend: (Time is in decaauts)
 A = Elapsed time spent in this place.
 B = Non-inter-level travel time spent in this place.
 C = Inter-level travel time spent in this place.
 D = Time resting spent in this place.
 E = Time spent auto-exploring this place.
 F = Levels seen in this place.
 G = Mean time per level.
                   A        B        C        D        E       F      G
               +--------+--------+--------+--------+--------+-----+--------+
         Total |   5127 |   4970 |    157 |   1175 |   3064 |   6 |  854.5 |
       Dungeon |   5122 |   4965 |    157 |   1175 |   3064 |   5 | 1024.4 |
         Abyss |      5 |      5 |      0 |      0 |      0 |   1 |    5.0 |
               +--------+--------+--------+--------+--------+-----+--------+

Top non-repeatable levels by time:
     D:2: 1564 daAuts
     D:3: 1310 daAuts
     D:1: 1213 daAuts
     D:4: 847 daAuts
     D:5: 188 daAuts
 Abyss:1: 5 daAuts
